 Dungeon Crawl Stone Soup version 0.30-a0-137-gd8773701ce (webtiles) character file.

Game seed: 15210196913694352867

481 IdlyInterested the Trooper (level 7, -1/58 HPs)
             Began as a Formicid Brigand on Sept 23, 2022.
             Splashed by a jelly's acid (7 damage)
             ... on level 4 of the Dungeon.
             The game lasted 00:10:45 (3592 turns).

IdlyInterested the Trooper (Formicid Brigand)       Turns: 3592, Time: 00:10:46

Health: -1/58      AC: -1    Str: 15    XL:     7   Next: 34%
Magic:  8/8        EV:  6    Int: 17    God:
Gold:   273        SH:  0    Dex: 17    Spells: 8/8 levels left

rFire   . . .      SeeInvis +    r - +0 scythe
rCold   . . .      Faith    .    (no shield)
rNeg    . . .      Spirit   .    q - +0 chain mail
rPois   .          Reflect  .    (helmet unavailable)
rElec   .          Harm     .    c - +0 cloak
rCorr   .          Rampage  .    h - +0 pair of gloves
Will    .....                    (no boots)
Stlth   ..........               (no amulet)
HPRegen 0.19/turn                i - +6 ring of intelligence
MPRegen 0.11/turn                m - ring of wizardry

@: corroded
A: permanent stasis, dig shafts and tunnels, antennae 3, four strong arms
a: Dig, Shaft Self


You were on level 4 of the Dungeon.
You visited 1 branch of the dungeon, and saw 4 of its levels.

You collected 273 gold pieces.

Inventory:

Hand Weapons
 a - a +2 dagger
 n - a +0 dagger of venom
 r - a +0 scythe (weapon)
Missiles
 d - 4 poisoned darts (quivered)
 e - 3 curare-tipped darts
 p - a boomerang
Armour
 b - a +0 robe
 c - a +0 cloak (worn)
 g - a +0 ring mail
 h - a +0 pair of gloves (worn)
 q - a +0 chain mail (worn)
Jewellery
 i - a +6 ring of intelligence (left hand)
 m - a ring of wizardry (right hand)
Scrolls
 j - a scroll of identify
Potions
 f - a potion of curing
 l - a potion of brilliance
 o - a potion of attraction


   Skills:
 * Level 6.1 Fighting
 - Level 2.0 Short Blades
 - Level 2.0 Throwing
 - Level 2.0 Armour
 - Level 1.0 Dodging
 - Level 5.0 Stealth
 + Level 4.5 Shields
 - Level 1.0 Spellcasting
 + Level 1.7 Evocations


You had 8 spell levels left.
You didn't know any spells.
Your spell library contained the following spells:

 Spells                   Type           Power      Damage    Failure   Level
 Freeze                   Ice            0%         1d3       86%         1
 Sublimation of Blood     Necr           0%         N/A       93%         2
 Wereblood                Tmut           0%         N/A       93%         2
 Frozen Ramparts          Ice            0%         1d1       99%         3
 Hailstorm                Conj/Ice       0%         3d3       100%        4
 Summon Hydra             Summ           0%         N/A       100%        7


Dungeon Overview and Level Annotations

Branches:
Dungeon (4/15)
 Temple: D:4-7

Altars:

Shops:
D:2 =


Innate Abilities, Weirdness & Mutations

You cannot be hasted, slowed, berserked, paralysed or teleported.
You can dig through walls and to a lower floor.
You have a pair of large antennae on your head. (SInv)
Your four strong arms can wield two-handed weapons with a shield.


Message History

Aim: an ogre, wielding a +0 giant club (lightly wounded, extremely poisoned, about 29% to evade your +0 scythe)
You reach to attack!
You puncture the ogre!
The ogre is heavily wounded.
The ogre hits you with a +0 giant club!
You hit the ogre.
The ogre is almost dead.
The ball python barely misses you. The ball python grabs you.
The ball python constricts you. The ogre hits you but does no damage.
You slash the ogre!
You kill the ogre!
The ball python bites you but does no damage.
The ball python constricts you.
Your Fighting skill increases to level 6!
You hit the ball python.
You kill the ball python!
The quokka barely misses you.
You barely miss the quokka. The quokka bites you. The quokka barely misses you.
You slash the quokka!
You kill the quokka!
Things that are here:
a +0 giant club; an ogre corpse A jelly comes into view.
The jelly quivers.
You see here a scroll of identify.
Found a stone staircase leading down.
You barely miss the jelly. The jelly hits you. The acid corrodes you!
You are splashed with acid!
The jelly closely misses you.
You puncture the jelly!
Your hands burn!
The jelly is severely wounded.
The jelly hits you. The acid corrodes you!
You are splashed with acid!
You barely miss the jelly.
The jelly is severely wounded.
The jelly hits you.
* * * LOW HITPOINT WARNING * * *
The acid corrodes you!
You are splashed with acid!
* * * LOW HITPOINT WARNING * * *
The jelly hits you.
* * * LOW HITPOINT WARNING * * *
You are splashed with acid!
You die...

##.............#.........#....
####...†..#.....##.###.#....#....
##.#........................#....
................##....)##....
..........................#.#.
................#.#... .#...#
....#........†)...#.#.#.
...##..........##.......
...##.#......(?.@J..#.
......#../.....#....#
............(.......#
...#.#.#...((..##......
##.........#.... .#.#.# #...##...
.#...# ... .... .. ... #.
>##..##. ...


You could see a jelly.

Vanquished Creatures
  Sigmund (D:4)
  An ogre (D:4)
  A scorpion (D:4)
  A hound (D:4)
  An orc wizard (D:3)
  7 adders
  3 dart slugs
  6 orcs (D:3)
  4 ball pythons
  6 endoplasms
  5 goblins
  8 hobgoblins
  2 jackals (D:1)
  3 kobolds
  3 quokkas
  7 bats
  A frilled lizard (D:2)
  4 rats
64 creatures vanquished.

Vanquished Creatures (others)
  A demonic plant (D:1)
  A plant (D:1)
2 creatures vanquished.

Grand Total: 66 creatures vanquished

Notes
Turn   | Place    | Note
-------+----------+-------------------------------------------
     0 | D:1      | IdlyInterested the Formicid Brigand began the quest for the
                  | Orb.
     0 | D:1      | Reached XP level 1. HP: 16/16 MP: 1/1
    70 | D:1      | Reached skill level 1 in Shields
    78 | D:1      | Reached XP level 2. HP: 23/23 MP: 2/2
   167 | D:1      | Found a faded altar of an unknown god.
  1097 | D:2      | Found Menutafe's Jewellery Shop.
  1103 | D:2      | Reached skill level 3 in Fighting
  1103 | D:2      | Reached skill level 1 in Armour
  1103 | D:2      | Reached XP level 3. HP: 22/29 MP: 3/3
  1240 | D:2      | Reached skill level 1 in Dodging
  1523 | D:2      | Reached XP level 4. HP: 30/35 MP: 4/4
  1525 | D:2      | Reached skill level 5 in Stealth
  2219 | D:3      | Reached skill level 4 in Fighting
  2271 | D:3      | Reached skill level 1 in Spellcasting
  2271 | D:3      | Reached XP level 5. HP: 38/42 MP: 6/6
  3062 | D:4      | Reached skill level 5 in Fighting
  3062 | D:4      | Reached skill level 1 in Evocations
  3062 | D:4      | Reached XP level 6. HP: 28/51 MP: 7/7
  3182 | D:4      | Noticed Sigmund
  3191 | D:4      | Killed Sigmund
  3201 | D:4      | Reached XP level 7. HP: 15/57 MP: 8/8
  3582 | D:4      | Reached skill level 6 in Fighting
  3592 | D:4      | Splashed by a jelly's acid

Illustrated notes

Levels and vault maps discovered:
D:1:      nicolae_arrival_somewhat_less_tricky_arrival, layout_basic,
          shapermc_ecumenical_altar_gd, serial_glass, glass_columns_b,
          glass_columns_c, minmay_distorted
D:2:      layout_rooms, serial_curves, eino_curves_01, eino_curves_01,
          eino_curves_03, serial_shops, shop
D:3:      layout_basic
D:4:      nicolae_cairo_tiling_large_dashed, layout_cave_pools,
          mainiacjoe_overflow_six_doors_small, gammafunk_temple_overflow_pools,
          serial_glass, glass_columns_b, glass_columns_b, glass_columns_b,
          uniq_sigmund

Skill      XL: |  1  2  3  4  5  6  7 |
---------------+----------------------+-----
Shields        | 1 2 3 4 |  4.5
Fighting       | 3 4 5 6 |  6.1
Armour         | 1 2 |  2.0
Dodging        | 1 |  1.0
Stealth        | 5 |  5.0
Spellcasting   | 1 |  1.0
Evocations     | 1 |  1.7
Short Blades   | |  2.0
Throwing       | |  2.0

Action                   |  1- 3 |  4- 6 |  7- 9 || total
-------------------------+-------+-------+-------++-------
Melee: Dagger            |    25 |       |       ||    25
       Halberd           |    51 |   123 |    26 ||   200
       Punch             |     1 |       |       ||     1
Throw: Dart              |       |     2 |     5 ||     7
  Use: Scroll            |     4 |     4 |       ||     8
       Potion            |     1 |       |       ||     1
 Stab: Sleeping          |     9 |     3 |       ||    12
Armor: Ring mail         |    42 |    71 |       ||   113
       Chain mail        |       |    25 |    21 ||    46
Dodge: Dodged            |    32 |   105 |     7 ||   144

Table legend: (Time is in decaauts)
 A = Elapsed time spent in this place.
 B = Non-inter-level travel time spent in this place.
 C = Inter-level travel time spent in this place.
 D = Time resting spent in this place.
 E = Time spent auto-exploring this place.
 F = Levels seen in this place.
 G = Mean time per level.
                   A        B        C        D        E       F      G
               +--------+--------+--------+--------+--------+-----+--------+
         Total |   3687 |   3112 |    575 |    380 |   1854 |   4 |  921.8 |
       Dungeon |   3687 |   3112 |    575 |    380 |   1854 |   4 |  921.8 |
               +--------+--------+--------+--------+--------+-----+--------+

Top non-repeatable levels by time:
     D:1: 1206 daAuts
     D:3: 1174 daAuts
     D:2: 1064 daAuts
     D:4: 242 daAuts
